 Dungeon Crawl Stone Soup version 0.30-a0-595-g91969c0fa5 (webtiles) character file.

Game seed: 9594823019036553661

67 MackTheKnife the Sneak (level 4, 0/24 HPs)
             Began as a Kobold Enchanter on Jan 6, 2023.
             Killed by nerve-wracking pain
             ... invoked by Jessica
              (12 damage)
             ... on level 2 of the Dungeon.
             The game lasted 00:04:00 (1274 turns).

MackTheKnife the Sneak (Kobold Enchanter)           Turns: 1274, Time: 00:04:00

Health: 0/24       AC:  2    Str:  5    XL:     4   Next: 40%
Magic:  5/7        EV: 15    Int: 16    God:
Gold:   78         SH:  0    Dex: 17    Spells: 2/7 levels left

rFire   . . .      SeeInvis .    a - +1 dagger {short}
rCold   . . .      Faith    .    (no shield)
rNeg    . . .      Spirit   .    b - +0 robe
rPois   .          Reflect  .    (no helmet)
rElec   .          Harm     .    (no cloak)
rCorr   .          Rampage  .    (no gloves)
Will    .....                    (no boots)
Stlth   ++++                     (no amulet)
HPRegen 0.24/turn                (no ring)
MPRegen 0.10/turn                (no ring)

@: no status effects
A: small, no large weapons, nightstalker 3
a: no special abilities


You were on level 2 of the Dungeon.
You visited 1 branch of the dungeon, and saw 2 of its levels.

You collected 78 gold pieces.


Innate Abilities, Weirdness & Mutations

You are small and have problems with some larger weapons.
You are completely attuned to the shadows.


   Skills:
 - Level 2.0 Short Blades
 - Level 2.4 Dodging
 + Level 5.6 Stealth
 - Level 2.1 Spellcasting
 + Level 3.8 Hexes


You had 2 spell levels left.
You knew the following spells:

 Your Spells              Type           Power      Damage    Failure   Level
a - Ensorcelled Hibernat  Hex/Ice        14%        N/A       14%         2
b - Confusing Touch       Hex            14%        N/A       12%         3

Your spell library contained the following spells:

 Spells                   Type           Power      Damage    Failure   Level
 Tukima's Dance           Hex            14%        N/A       12%         3
 Dazzling Flash           Conj/Hex       14%        N/A       28%         3
 Inner Flame              Hex/Fire       7%         N/A       28%         3
 Flame Wave               Conj/Fire      1%         2d4       90%         4
 Sticky Flame             Conj/Fire      1%         2d3       90%         4

Inventory:

Hand Weapons
 a - a +1 dagger (weapon) {short}
 n - the +7 sling of Ovid Ima {heavy, rN+ Str+2 Stlth+}
   (You found it on level 2 of the Dungeon)

   Str:       It affects your strength (+2).
   rN:        It protects you from negative energy.
   Stlth:     It makes you more stealthy.
Missiles
 f - 10 poisoned darts {throwing}
Armour
 b - a +0 robe (worn)
 l - a +0 robe
   (You found it on level 2 of the Dungeon)
Scrolls
 h - a scroll of blinking {unknown}
 i - a scroll of enchant weapon {unknown}
 j - a scroll of poison {unknown}
 k - a scroll of enchant armour {unknown}
 o - a scroll of identify {unknown}
Potions
 c - 3 potions of invisibility
 d - a potion of attraction {unknown}
 e - a potion of ambrosia {unknown}
 g - 2 potions of berserk rage {unknown}
 m - a potion of curing {unknown}

Dungeon Overview and Level Annotations

Branches:
Dungeon (2/15) Zot: 10722

Altars:

Annotations:
D:2 Jessica

##### ###...#
### #.'...+ ..
#.#...# #.
##.#@..# #.
#>.#...# #<
#.##@..# ###
#.##...#.....
#..
####'##...#.....
#.#
......#####.....
#.#
.........##†....
#.#
..........'.....
#.#
......##+##.....
#..


You could see Jessica.


Message History

The sling bullet closely misses the hobgoblin. 😎 MP[+1] Fire: n) +7 sling of Ovid Ima {heavy, rN+ Str+2 Stlth+}
Press: ? - help, Q - select action, (/) - cycle Shift-Dir - straight line, f/p - hobgoblin
Aim: a hobgoblin (65% to hit)
You shoot a sling bullet. The sling bullet hits the hobgoblin.
The hobgoblin misses you. The hobgoblin hits you. 😕 HP[-3]
You take 3 damage, and now have 21/24 hp.
Fire: n) +7 sling of Ovid Ima {heavy, rN+ Str+2 Stlth+}
Press: ? - help, Q - select action, (/) - cycle Shift-Dir - straight line, f/p - hobgoblin
Aim: a hobgoblin (severely wounded, 65% to hit)
You shoot a sling bullet.
The sling bullet completely misses the hobgoblin.
The hobgoblin hits you but does no damage.
The hobgoblin misses you. The hobgoblin hits you. 😮 HP[-3]
You take 3 damage, and now have 18/24 hp.
Fire: n) +7 sling of Ovid Ima {heavy, rN+ Str+2 Stlth+}
Press: ? - help, Q - select action, (/) - cycle Shift-Dir - straight line, f/p - hobgoblin
Aim: a hobgoblin (severely wounded, 65% to hit)
You shoot a sling bullet.
The sling bullet barely misses the hobgoblin.
The hobgoblin closely misses you. x2 😕 HP[+1] Fire: n) +7 sling of Ovid Ima {heavy, rN+ Str+2 Stlth+}
Press: ? - help, Q - select action, (/) - cycle Shift-Dir - straight line, f/p - hobgoblin
Aim: a hobgoblin (severely wounded, 65% to hit)
You shoot a sling bullet. The sling bullet hits the hobgoblin.
The hobgoblin barely misses you. The hobgoblin completely misses you.
Fire: n) +7 sling of Ovid Ima {heavy, rN+ Str+2 Stlth+}
Press: ? - help, Q - select action, (/) - cycle Shift-Dir - straight line, f/p - hobgoblin
Aim: a hobgoblin (almost dead, 65% to hit)
You shoot a sling bullet. The sling bullet hits the hobgoblin!
You kill the hobgoblin! 😕 HP[+1] MP[+1]
a - a +1 dagger (weapon)
{short} You start resting. 😎 HP[+4] MP[+1]
Your hp is fully restored (24).
A quokka comes into view. 😎 MP[+1]
A quokka is nearby! 😎 MP[+1]
You start resting. 😎 MP[+1]
Your mp is fully restored (7).
o - a scroll labelled FEMYMI IXYE The quokka looks drowsy... 😎 MP[-2]
You lost 2 mp, and now have 5/7 mp.
The helpless quokka fails to defend itself.
You impale the quokka!!
You kill the quokka!
Key pressed, stopping explore.
A rat comes into view. 😎 MP[+2]
Your mp is fully restored (7).
A rat is nearby!
A rat is nearby!
The helpless rat fails to defend itself.
You impale the rat!!
You kill the rat!
You open the door.
There is an open door here.
As you open the door, it creaks loudly!
Found a stone staircase leading down.
There is an open door here.
There is a stone staircase leading down here.
You open the door.
Jessica the Apprentice Sorceress comes into view.
She is wielding a +0 club and carrying a wand of flame (16).
There is an open door here.
Jessica shouts!
Jessica zaps a wand.
The puff of flame hits you!
Ouch! That really hurt!
* * * LOW HITPOINT WARNING * * *
😨 HP[-12]
You take 12 damage, and now have 12/24 hp.
MASSIVE DAMAGE!! (PAUSE) Unknown command.
Casting: Ensorcelled Hibernation (safe; 14% risk of failure)
Confirm with . or Enter, or press ? or * to list all spells.
Aiming: Ensorcelled Hibernation (safe; 14% risk of failure)
Press: ? - help, Shift-Dir - straight line, f - Jessica
Aim: Jessica, wielding a +0 club, wearing a +0 robe and carrying a wand of flame (15) (chance to affect: 50%)
Okay, then.
Casting: Ensorcelled Hibernation (safe; 14% risk of failure)
Confirm with . or Enter, or press ? or * to list all spells.
Aiming: Ensorcelled Hibernation (safe; 14% risk of failure)
Press: ? - help, Shift-Dir - straight line, f - Jessica
Aim: Jessica, wielding a +0 club, wearing a +0 robe and carrying a wand of flame (15) (chance to affect: 50%) Jessica looks drowsy... 😨 MP[-2]
You lost 2 mp, and now have 5/7 mp.
Jessica looks very angry.
Jessica gestures at you while chanting. Pain shoots through your body!
Ouch! That really hurt!
You die...

Skill      XL: |  1  2 |
---------------+-------+-----
Short Blades   | 2 |  2.0
Stealth        | 5 |  5.6
Dodging        | |  2.4
Spellcasting   | |  2.1
Hexes          | |  3.8

Action                   |  1- 3 |  4- 6 || total
-------------------------+-------+-------++-------
Melee: Dagger            |    39 |     7 ||    46
       Punch             |     1 |       ||     1
 Fire: Sling             |       |     8 ||     8
 Cast: Ensorcelled Hiber |     2 |     9 ||    11
 Stab: Sleeping          |    15 |     6 ||    21
Armor: Robe              |     5 |     3 ||     8
Dodge: Dodged            |    28 |    16 ||    44

Levels and vault maps discovered:
D:1:      scummos_arrival_checkerplants, layout_basic, grunt_decor_mini_mirrors
D:2:      layout_basic, uniq_jessica

Notes
Turn   | Place    | Note
-------+----------+-------------------------------------------
     0 | D:1      | MackTheKnife the Kobold Enchanter began the quest for the
                  | Orb.
     0 | D:1      | Reached XP level 1. HP: 10/10 MP: 3/3
     0 | D:1      | magus.rc [v1.9.6]
   218 | D:1      | Reached skill level 2 in Short Blades
   257 | D:1      | Reached XP level 2. HP: 15/15 MP: 5/5
   260 | D:1      | Learned a level 2 spell: Ensorcelled Hibernation
   791 | D:2      | Reached skill level 5 in Stealth
   791 | D:2      | Reached XP level 3. HP: 19/19 MP: 6/6
   827 | D:2      | Reached XP level 4. HP: 24/24 MP: 7/7
   839 | D:2      | You pick up a book of Flames and begin reading...
   839 | D:2      | You add the spells Inner Flame, Sticky Flame and Flame Wave
                  | to your library.
   844 | D:2      | Learned a level 3 spell: Confusing Touch
   999 | D:2      | Identified the +7 sling of Ovid Ima {heavy, rN+ Str+2
                  | Stlth+}
  1092 | D:2      | magus.rc [v1.9.6]
  1271 | D:2      | Noticed Jessica
  1274 | D:2      | Killed from afar by Jessica

Vanquished Creatures
  3 gnolls (D:2)
  An adder (D:2)
  A worm (D:2)
  A dart slug (D:1)
  An endoplasm (D:1)
  6 hobgoblins
  2 quokkas
  5 ball pythons (D:1)
  2 bats
  A frilled lizard (D:2)
  A kobold (D:2)
  2 rats
26 creatures vanquished.

Vanquished Creatures (others)
  10 fungi (D:1)
10 creatures vanquished.

Grand Total: 36 creatures vanquished

Table legend:
 A = Non-vault XP
 B = Vault XP
 C = Vault XP percentage of total XP
 D = Non-vault monster count
 E = Vault monster count
 F = Vault count percentage of total count
                 A         B        C        D         E       F
            +---------+---------+-------+---------+---------+-------
      Total |      97 |       0 |   0.0 |      26 |       0 |   0.0
            +---------+---------+-------+---------+---------+-------
        D:1 |      22 |       0 |   0.0 |      13 |       0 |   0.0
        D:2 |      75 |       0 |   0.0 |      13 |       0 |   0.0
            +---------+---------+-------+---------+---------+-------

Illustrated notes

Table legend:
 A = Kills in this place as a percentage of kills in entire the game.
 B = Kills by you in this place as a percentage of kills by you in the entire game.
 C = Kills by friends in this place as a percentage of kills by friends in the entire game.
 D = Other kills in this place as a percentage of other kills in the entire game.
 E = Experience gained in this place as a percentage of experience gained in the entire game.
 F = Experience gained in this place divided by the number of levels of this place that you have seen.
                   A       B       C       D       E      F
               +-------+-------+-------+-------+-------+----------------------
         Total | 100.0 | 100.0 |   N/A |   N/A | 100.0 |  48.5
       Dungeon | 100.0 | 100.0 |   N/A |   N/A | 100.0 |  48.5
               +-------+-------+-------+-------+-------+----------------------

Table legend: (Time is in decaauts)
 A = Elapsed time spent in this place.
 B = Non-inter-level travel time spent in this place.
 C = Inter-level travel time spent in this place.
 D = Time resting spent in this place.
 E = Time spent auto-exploring this place.
 F = Levels seen in this place.
 G = Mean time per level.
                   A        B        C        D        E       F      G
               +--------+--------+--------+--------+--------+-----+--------+
         Total |   1276 |   1257 |     19 |     85 |    877 |   2 |  638.0 |
       Dungeon |   1276 |   1257 |     19 |     85 |    877 |   2 |  638.0 |
               +--------+--------+--------+--------+--------+-----+--------+

Top non-repeatable levels by time:
     D:1: 747 daAuts
     D:2: 528 daAuts
